 Dungeon Crawl Stone Soup version 0.31-a0-845-g9abc20d24f (webtiles) character file.

Game seed: 3599002116743600599

210 demibob the Ruffian (level 5, -1/45 HPs)
             Began as a Draconian Chaos Knight on Oct 2, 2023.
             Was a Plaything of Xom.
             Slain by an orc priest
             ... wielding a +0 morningstar
              (4 damage)
             ... on level 3 of the Dungeon.
             The game lasted 00:02:22 (1816 turns).

demibob the Ruffian (Draconian Chaos Knight)        Turns: 1816, Time: 00:02:23

Health: -1/45      AC:  5    Str: 15    XL:     5   Next: 56%
Magic:  5/5        EV: 12    Int: 12    God:    Xom [*.....]
Gold:   76         SH:  0    Dex: 12    Spells: 4/4 levels left

rFire   . .          .
                       - Unarmed
rCold   . . .        (no shield)
rNeg    . . .        (body armour unavailable)
rPois   +            (helmet restricted)
rElec   .            (no cloak)
rCorr   .            (no gloves)
SInv    .            (no boots)
Will    .....        (no amulet)
Stlth   +            P - ring of poison resistance
HPRegen 0.27/turn    (no ring)
MPRegen 0.09/turn

%: no passive effects
@: no status effects
A: AC +5, unfitting armour, cold-blooded
a: Renounce Religion


You were on level 3 of the Dungeon.
You worshipped Xom.
You were a special plaything of Xom.
You visited 1 branch of the dungeon, and saw 3 of its levels.

You collected 76 gold pieces.


Innate Abilities, Weirdness & Mutations

Your plain brown scales are hard. (AC +5)
You cannot fit into any form of body armour.
You are cold-blooded and may be slowed by cold attacks.


   Skills:
 - Level 3.2 Fighting
 - Level 2.1 Dodging
 * Level 6.3 Unarmed Combat
 + Level 0.3 Evocations


You had 4 spell levels left.
You didn't know any spells.
Your spell library contained the following spells:

 Spells                   Type           Power      Damage    Failure   Level
 Blink                    Tloc           0%         N/A       45%         2
 Lesser Beckoning         Tloc           0%         N/A       45%         2
 Momentum Strike          Conj/Tloc      0%         3d8       45%         2
 Gell's Gravitas          Tloc           0%         N/A       69%         3
 Teleport Other           Tloc           0%         N/A       69%         3

Inventory:

Jewellery
 P - a ring of poison resistance (left hand)
Scrolls
 a - 2 scrolls of butterflies
 c - a scroll of identify {@r1}
Miscellaneous
 b - a condenser vane (inert)

Dungeon Overview and Level Annotations

Branches:
Dungeon (3/15)

Altars:
The Shining One

.................
.............##.##
...o..o.#..bb.b..##
....b..o.obb.bb...##
...###...obbbbb.b..#
...oo.J..Jbbb§§.b..#
...###b...b..§§§§b§#
.P #..$o..K§oJoo# o
#.b#...##§o@## .
#....######## PP
......## . ....### #
..#.. # ..#.# ##...
.... ....


You could see an orc priest, 3 orcs and an endoplasm.


Message History

Your butterfly dies!
Your butterfly disappears in a burst of colours!
The endoplasm closely misses your butterfly.
The kobold hits you with a +0 dagger.
* * * LOW HITPOINT WARNING * * *
You hit the kobold but do no damage.
Your tail-slap misses the kobold.
The kobold is moderately wounded.
Unknown command.
You barely miss the kobold.
The kobold is moderately wounded.
The kobold hits you but does no damage. The orc barely misses you.
The orc hits you with a +0 club.
* * * LOW HITPOINT WARNING * * *
Unknown command.
You hit the kobold.
You kill the kobold!
Your butterfly disappears in a burst of colours!
The orc closely misses you. The orc hits you with a +0 club.
* * * LOW HITPOINT WARNING * * *
Unknown command.
You punch the orc!
You kill the orc!
Xom's power touches on you for a moment.
Your body is wracked with pain!
* * * LOW HITPOINT WARNING * * *
The orc hits you with a +0 falchion.
* * * LOW HITPOINT WARNING * * *
The orc priest hits you with a +0 morningstar.
You die...
Xom giggles madly!

Skill      XL: |  1  2  3  4 |
---------------+-------------+-----
Unarmed Combat | 4 6 |  6.3
Fighting       | |  3.2
Dodging        | |  2.1
Evocations     | |  0.3

Action                     |  1- 3 |  4- 6 || total
---------------------------+-------+-------++-------
  Melee: Unarmed           |   105 |    35 ||   140
         Tailslap          |    12 |     4 ||    16
         Punch             |     3 |     2 ||     5
  Evoke: Condenser vane    |       |     1 ||     1
    Use: Scroll            |     1 |     6 ||     7
         Potion            |       |     2 ||     2
   Stab: Sleeping          |     4 |       ||     4
         Confused          |       |     1 ||     1
 Armour: Skin              |    52 |    30 ||    82
  Dodge: Dodged            |    65 |    29 ||    94

Levels and vault maps discovered:
D:1:      dpeg_arrival_short_road, layout_basic, nicolae_grassy_gnolls
D:2:      layout_basic
D:3:      layout_rooms, trog_antimagical, mainiacjoe_overflow_cross_hatched,
          dreamdust_ecumenical_altar_hidden_monk_grotto,
          minmay_fractal_squares_diagonal_5, uniq_pargi

Notes
Turn   | Place    | Note
-------+----------+-------------------------------------------
     0 | D:1      | demibob the Draconian Chaos Knight began the quest for the
                  | Orb.
     0 | D:1      | Reached XP level 1. HP: 19/19 MP: 1/1
    12 | D:1      | XOM: divination: magic mapping
   166 | D:1      | Reached XP level 2. HP: 20/26 MP: 2/2
   235 | D:1      | Reached skill level 4 in Unarmed Combat
   929 | D:2      | Reached XP level 3. HP: 25/31 MP: 3/3
  1290 | D:2      | Reached XP level 4. HP: 38/38 MP: 4/4
  1469 | D:3      | Noticed Pargi
  1474 | D:3      | XOM: summons friendly white imp
  1476 | D:3      | Killed Pargi
  1477 | D:3      | Reached skill level 6 in Unarmed Combat
  1477 | D:3      | Reached XP level 5. HP: 45/45 MP: 5/5
  1500 | D:3      | XOM: god gift: condenser vane
  1787 | D:3      | Found a glowing golden altar of the Shining One.
  1787 | D:3      | XOM: 3-stop teleportation journey
  1791 | D:3      | XOM: enchant monster (good)
  1816 | D:3      | XOM: torment (7/45 hp)
  1816 | D:3      | HP: 3/45 [orc/+0 falchion (4)]
  1816 | D:3      | Slain by an orc priest

Vanquished Creatures
  Pargi (D:3)
  5 gnolls
  3 adders (D:2)
  A dart slug (D:2)
  An orc (D:3)
  2 ball pythons
  3 endoplasms
  A goblin (D:1)
  4 hobgoblins
  2 quokkas
  2 bats (D:1)
  3 frilled lizards
  8 kobolds
  4 rats
40 creatures vanquished.

Vanquished Creatures (collateral kills)
  A goblin (D:3)
1 creature vanquished.

Grand Total: 41 creatures vanquished

Table legend: (Time is in decaauts)
 A = Elapsed time spent in this place.
 B = Non-inter-level travel time spent in this place.
 C = Inter-level travel time spent in this place.
 D = Time resting spent in this place.
 E = Time spent auto-exploring this place.
 F = Levels seen in this place.
 G = Mean time per level.
                   A        B        C        D        E       F      G
               +--------+--------+--------+--------+--------+-----+--------+
         Total |   1812 |   1781 |     31 |    234 |   1217 |   3 |  604.0 |
       Dungeon |   1812 |   1781 |     31 |    234 |   1217 |   3 |  604.0 |
               +--------+--------+--------+--------+--------+-----+--------+

Top non-repeatable levels by time:
     D:1: 874 daAuts
     D:2: 790 daAuts
     D:3: 147 daAuts

Table legend:
 A = Non-vault XP
 B = Vault XP
 C = Vault XP percentage of total XP
 D = Non-vault monster count
 E = Vault monster count
 F = Vault count percentage of total count
                 A         B        C        D         E       F
            +---------+---------+-------+---------+---------+-------
      Total |     153 |     150 |  49.5 |      38 |       3 |   7.3
            +---------+---------+-------+---------+---------+-------
        D:1 |      23 |      14 |  37.8 |      14 |       1 |   6.7
        D:2 |      60 |       0 |   0.0 |      14 |       0 |   0.0
        D:3 |      70 |     136 |  66.0 |      10 |       2 |  16.7
            +---------+---------+-------+---------+---------+-------
